 Dungeon Crawl Stone Soup version 0.29.0-4-gdea44cf6ec (webtiles) character file.

Game seed: 9434452258654209410

39 qw the Sneak (level 3, -5/23 HPs)
             Began as a Gargoyle Delver on Sept 10, 2022.
             Slain by Sigmund
             ... wielding a +0 scythe
              (8 damage)
             ... on level 3 of the Dungeon.
             The game lasted 00:00:19 (1056 turns).

qw the Sneak (Gargoyle Delver)                      Turns: 1056, Time: 00:00:19

Health: -5/23      AC:  8    Str: 17    XL:     3   Next: 45%
Magic:  3/3        EV:  8    Int: 13    God:
Gold:   84         SH:  0    Dex: 11    Spells: 2/2 levels left

rFire   . . .      SeeInvis .   Y - +1 hand axe
rCold   . . .      Faith    .   (no shield)
rNeg    + . .      Spirit   .   b - +0 leather armour
rPois   inf        Reflect  .   a - +0 helmet {Int+3}
rElec   +          Harm     .   (no cloak)
rCorr   .          Rampage  .   j - +0 pair of gloves
Will    .....                   (no boots)
Stlth   +++.......              (no amulet)
HPRegen 0.07/turn               (no ring)
MPRegen 0.08/turn               (no ring)

@: constricted
A: sickness immunity, AC +3, negative energy resistance 1, electricity
resistance, torment resistance 1, petrification resistance
a: no special abilities


You were on level 3 of the Dungeon.
You visited 1 branch of the dungeon, and saw 3 of its levels.

You collected 84 gold pieces.


Innate Abilities, Weirdness & Mutations

You are immune to sickness and miasma.
Your stone body is resilient. (AC +3)
You are immune to poison.
You resist negative energy. (rN+)
You are resistant to electric shocks. (rElec)
You are resistant to unholy torment.
You are immune to petrification.


   Skills:
 - Level 3.2 Fighting
 + Level 3.4 Axes
 - Level 1.5 Dodging
 - Level 5.4 Stealth


You had 2 spell levels left.
You didn't know any spells.
Your spell library was empty.

Inventory:

Hand Weapons
 k - a +0 flail
 Y - a +1 hand axe (weapon)
Armour
 a - a +0 helmet of intelligence (worn)
 b - a +0 leather armour (worn)
 j - a +0 pair of gloves (worn)
Wands
 g - a wand of digging (3)
Potions
 f - a potion of haste
 h - a potion of attraction {unknown}

Dungeon Overview and Level Annotations

Branches:
Dungeon (5/15)
 Temple: D:4-7

Altars:

Annotations:
D:3 Jessica, Sigmund


Message History

You hit Sigmund.
Sigmund is lightly wounded.
The hobgoblin shouts!
The orc shouts!
You hear a shout! x2
An endoplasm comes into view.
Sigmund hits you but does no damage.
The ball python hisses angrily.
You barely miss Sigmund.
Sigmund is lightly wounded.
You barely miss the orc. The orc misses you.
You barely miss Sigmund.
Sigmund is lightly wounded.
You barely miss the orc. Sigmund hits you with a +0 scythe!
The orc closely misses you.
You barely miss Sigmund.
Sigmund is lightly wounded.
You hit the orc.
Jessica the Apprentice Sorceress comes into view.
She is wielding a +0 club.
The orc barely misses you. Sigmund closely misses you.
You hit the orc.
The orc is heavily wounded.
You hit Sigmund.
A goblin comes into view. It is wielding a +0 dagger.
The orc hits you but does no damage. Sigmund asks, "Do you like me?"
Sigmund hits you with a +0 scythe.
The ball python bites you but does no damage.
The ball python barely misses you.
You slash the orc!
You kill the orc!
You completely miss the ball python. You hit Sigmund but do no damage.
The ball python barely misses you. The ball python grabs you.
The ball python constricts you.
You closely miss the ball python. You hit the worm. You hit Sigmund.
Sigmund mumbles some strange words.
Sigmund flickers and vanishes!
Deactivating autopickup; reactivate with Ctrl-A.
The ball python bites you. The ball python constricts you. The worm bites you.
Something hits you!
You die...

#.. .. #....
#$#.# . #g#.#
.. ....##...
#o@....#
#.####{#g...#
#....S@wJ...#
#?...##.####...
.###..!....#
#.#####.# ..
#.### #. #...#
# . #.#.#
..#####.#.#
........#.#


You could see a worm, Jessica, an orc, an endoplasm, a hobgoblin, a goblin and a
ball python.

Vanquished Creatures
  2 adders (D:5)
  A worm (D:4)
  A dart slug (D:5)
  5 orcs
  2 goblins (D:4)
  A frilled lizard (D:3)
12 creatures vanquished.

Notes
Turn   | Place    | Note
-------+----------+-------------------------------------------
     0 | D:5      | qw the Gargoyle Delver began the quest for the Orb.
     0 | D:5      | Reached XP level 1. HP: 14/14 MP: 1/1
     0 | D:5      | 0 ||| qw: Version: 0.1-a-116-g5d60599
     0 | D:5      | 0 ||| qw: Game counter: 8495
     0 | D:5      | 0 ||| qw: Always use a shield: true
     0 | D:5      | 0 ||| qw: God list: Okawaru
     0 | D:5      | 0 ||| qw: Allow faded altars: false
     0 | D:5      | 0 ||| qw: Do Orc after D:15 true
     0 | D:5      | 0 ||| qw: Do second Lair branch before Depths: true
     0 | D:5      | 0 ||| qw: Lair rune preference: random
     0 | D:5      | 0 ||| qw: Plans: Normal
     0 | D:5      | 0 ||| PLANNING D:1-11
   117 | D:5      | Reached XP level 2. HP: 13/19 MP: 2/2
   333 | D:5      | Reached skill level 3 in Axes
   443 | D:5      | Reached XP level 3. HP: 9/23 MP: 3/3
   653 | D:5      | 653 ||| DROPPING +0 club.
   735 | D:5      | 735 ||| UPGRADING to +0 pair of gloves.
   740 | D:5      | 740 ||| READING scroll labelled APROLO VEERIU.
   741 | D:5      | 741 ||| READING scroll labelled REKKIR MIKK.
   742 | D:5      | 742 ||| DROPPING scroll of fog.
   743 | D:5      | 743 ||| DROPPING scroll of magic mapping.
   744 | D:5      | 744 ||| DROPPING scroll of fear.
   771 | D:4      | 771 ||| Stepping ~*~*~tactically~*~*~ (stealth).
   774 | D:4      | 774 ||| Stepping ~*~*~tactically~*~*~ (stealth).
   776 | D:4      | 776 ||| Stepping ~*~*~tactically~*~*~ (stealth).
   778 | D:4      | 778 ||| Stepping ~*~*~tactically~*~*~ (stealth).
   780 | D:4      | 780 ||| Stepping ~*~*~tactically~*~*~ (stealth).
   782 | D:4      | 782 ||| Stepping ~*~*~tactically~*~*~ (stealth).
   784 | D:4      | 784 ||| Stepping ~*~*~tactically~*~*~ (stealth).
   786 | D:4      | 786 ||| Stepping ~*~*~tactically~*~*~ (stealth).
   788 | D:4      | 788 ||| Stepping ~*~*~tactically~*~*~ (stealth).
   790 | D:4      | 790 ||| Stepping ~*~*~tactically~*~*~ (stealth).
   792 | D:4      | 792 ||| Stepping ~*~*~tactically~*~*~ (stealth).
   794 | D:4      | 794 ||| Stepping ~*~*~tactically~*~*~ (stealth).
   796 | D:4      | 796 ||| Stepping ~*~*~tactically~*~*~ (stealth).
  1017 | D:4      | 1017 ||| UPGRADING to +0 helmet of intelligence.
  1038 | D:3      | 1038 ||| Stepping ~*~*~tactically~*~*~ (stealth).
  1040 | D:3      | 1040 ||| Stepping ~*~*~tactically~*~*~ (stealth).
  1042 | D:3      | 1042 ||| Stepping ~*~*~tactically~*~*~ (stealth).
  1047 | D:3      | Noticed Sigmund
  1053 | D:3      | Noticed Jessica
  1056 | D:3      | HP: 3/23 [worm (4)]
  1056 | D:3      | Slain by Sigmund

Levels and vault maps discovered:
D:3:      layout_loops_ring, shapermc_ecumenical_altar_flowoftime,
          uniq_crazy_yiuf_cottage, uniq_sigmund, uniq_jessica
D:4:      layout_cave_pods, minmay_temple_entry_junction, minmay_ogre_servants,
          uniq_robin, uniq_ijyb
D:5:      layout_cave_pods

Skill      XL: |  1  2 |
---------------+-------+-----
Axes           | 2 3 |  3.4
Fighting       | |  3.2
Dodging        | |  1.5
Stealth        | |  5.4

Action                   || total
-------------------------++-------
Melee: Hand axe          ||    41
  Use: Scroll            ||     2
 Stab: Sleeping          ||     2
Armor: Leather armour    ||    14
Dodge: Dodged            ||    23

Table legend:
 A = Non-vault XP
 B = Vault XP
 C = Vault XP percentage of total XP
 D = Non-vault monster count
 E = Vault monster count
 F = Vault count percentage of total count
                 A         B        C        D         E       F
            +---------+---------+-------+---------+---------+-------
      Total |      56 |       0 |   0.0 |      12 |       0 |   0.0
            +---------+---------+-------+---------+---------+-------
        D:3 |       4 |       0 |   0.0 |       2 |       0 |   0.0
        D:4 |      12 |       0 |   0.0 |       4 |       0 |   0.0
        D:5 |      40 |       0 |   0.0 |       6 |       0 |   0.0
            +---------+---------+-------+---------+---------+-------
